 Dungeon Crawl Stone Soup version 0.29-a0-321-gf1c400731a (webtiles) character file.

Game seed: 17057381837528519042

660 Morbidden the Chopper (level 7, 24/56 HPs)
             Began as a Demonspawn Fighter on Apr 3, 2022.
             Was a Follower of Cheibriados.
             Quit the game on level 5 of the Dungeon.
             The game lasted 00:05:12 (4766 turns).

Morbidden the Chopper (Demonspawn Fighter)          Turns: 4766, Time: 00:05:12

Health: 24/56      AC: 10    Str: 20    XL:     7   Next: 30%
Magic:  8/10       EV: 10    Int: 11    God:    Cheibriados [*.....]
Gold:   381        SH: 10    Dex: 15    Spells: 10/10 levels left

rFire   + . .      SeeInvis .   a - +1 war axe
rCold   . . .      Faith    +   c - +1 buckler
rNeg    . . .      Spirit   .   p - +2 ring mail {rF+}
rPois   .          Reflect  .   (no helmet)
rElec   .          Harm     .   z - +0 cloak
rCorr   .          Rampage  .   (no gloves)
Will    .....                   (no boots)
Stlth   +.........              w - amulet of faith
HPRegen 0.18/turn               (no ring)
MPRegen 0.12/turn               (no ring)

@: very slow
A: claws 1, rugged brown scales 1, condensation shield
a: Renounce Religion, Bend Time


You were on level 5 of the Dungeon.
You worshipped Cheibriados.
Cheibriados was aware of your devotion.
You visited 1 branch of the dungeon, and saw 5 of its levels.

You collected 381 gold pieces.

Inventory:

Hand Weapons
 a - a +1 war axe (weapon)
Missiles
 g - 2 silver javelins
 h - 5 javelins
 y - 2 boomerangs (quivered)
Armour
 c - a +1 buckler (worn)
 n - a +0 chain mail of cold resistance
 p - a +2 ring mail of fire resistance (worn)
 z - a +0 cloak (worn)
Jewellery
 w - an amulet of faith (around neck)
 x - an amulet of magic regeneration
Wands
 A - a wand of iceblast (6)
Scrolls
 b - a scroll of enchant weapon
 e - a scroll of fog
 f - a scroll of silence
 i - 2 scrolls of teleportation
 j - 2 scrolls of torment
 k - 5 scrolls of identify
 o - a scroll of blinking
 r - 2 scrolls of immolation
 s - 2 scrolls of amnesia
Potions
 d - a potion of might
 l - 2 potions of haste {unknown}
 m - a potion of resistance {unknown}
 q - 2 potions of curing {unknown}
 t - a potion of ambrosia {unknown}
 u - a potion of heal wounds {unknown}
 v - a potion of degeneration {unknown}


   Skills:
 * Level 4.5 Fighting
 + Level 4.5 Axes
 + Level 0.3 Throwing
 + Level 3.7 Armour
 + Level 1.4 Dodging
 + Level 0.3 Stealth
 + Level 3.3 Shields
 * Level 2.0 Spellcasting
 * Level 2.6 Invocations
 + Level 0.1 Evocations


You had 10 spell levels left.
You didn't know any spells.
Your spell library contained the following spells:

 Spells                   Type           Power      Damage    Failure   Level
 Dazzling Flash           Conj/Hex       2%         N/A       88%         3
 Tukima's Dance           Hex            1%         N/A       88%         3
 Iskenderun's Mystic Bla  Conj/Tloc      1%         2d3       99%         4
 Passage of Golubria      Tloc           1%         N/A       99%         4
 Yara's Violent Unravell  Hex/Tmut       0%         3d3       100%        5
 Starburst                Conj/Fire      0%         6d3       100%        6


Dungeon Overview and Level Annotations

Branches:
Dungeon (5/15)
 Temple: D:4-7

Altars:
Cheibriados
Kikubaaqudgha
Uskayaw
Beogh

Annotations:
D:3 1 runed translucent door, Crazy Yiuf


Innate Abilities, Weirdness & Mutations

You have sharp fingernails.
You are partially covered in rugged brown scales. (AC +1, +3% HP)
A meltable shield of frost defends you. (SH +4)


Message History

Prince Ribbit blinks!
You closely miss Prince Ribbit.
Prince Ribbit is moderately wounded.
Prince Ribbit closely misses you. Prince Ribbit hits you.
You slash Prince Ribbit!
Prince Ribbit is severely wounded.
Prince Ribbit hits you. You block Prince Ribbit's attack.
You are too injured to fight recklessly!
You are too injured to fight recklessly!
You are too injured to fight recklessly!
You are too injured to fight recklessly!
Unknown command.
You miss Prince Ribbit.
Prince Ribbit is heavily wounded.
Prince Ribbit blinks!
Unknown command.
Throw: 2 boomerangs
Press: ? - help, Q - select action, (/) - cycle Shift-Dir - straight line, f - Prince Ribbit
Aim: Prince Ribbit (heavily wounded, 39% to hit)
You throw a boomerang.
The boomerang closely misses Prince Ribbit.
Prince Ribbit blinks!
Prince Ribbit is nearby!
Aiming: Iceblast
Press: ? - help, Shift-Dir - straight line, p - Prince Ribbit The mass of ice explodes!
The iceblast engulfs Prince Ribbit!
Prince Ribbit is almost dead.
Unknown command.
Aiming: Iceblast
Press: ? - help, Shift-Dir - straight line, f - Prince Ribbit
Aim: Prince Ribbit (almost dead)
The mass of ice explodes!
The iceblast engulfs Prince Ribbit!
You kill Prince Ribbit!
Cheibriados appreciates the change of pace.
Your Spellcasting skill increases to level 2!
You have reached level 7!
Your demonic ancestry asserts itself...
Your fingernails lengthen.
Okay, then.
Are you sure you want to abandon this character and quit the game? (Confirm with "yes".)

....).........########
.....................#
.........###.#######.#
...>.....# #.#
####.#...# #.# #.#.###
#.# #.#.......#
#.###############.#
#............@....#
###################


There were no monsters in sight!

Vanquished Creatures
  Prince Ribbit (D:5)
  A centaur (D:5)
  A phantom (D:4)
  A kobold brigand (D:5)
  An orc wizard (D:3)
  8 adders
  11 dart slugs
  19 orcs
  4 bats
  9 endoplasms
  4 giant cockroaches
  6 goblins
  7 hobgoblins
  2 quokkas
  11 ball pythons
  4 frilled lizards
  6 kobolds
  3 rats
99 creatures vanquished.

Notes
Turn   | Place    | Note
-------+----------+-------------------------------------------
     0 | D:1      | Morbidden the Demonspawn Fighter began the quest for the
                  | Orb.
     0 | D:1      | Reached XP level 1. HP: 18/18 MP: 1/1
   183 | D:1      | Gained mutation: You are partially covered in rugged brown
                  | scales. (AC +1, +3% HP) [demonic ancestry]
   183 | D:1      | Reached XP level 2. HP: 15/24 MP: 2/2
   554 | D:1      | Found a faded altar of an unknown god.
   874 | D:1      | Noticed an orc warrior
  1050 | D:1      | Reached XP level 3. HP: 29/29 MP: 3/3
  1680 | D:2      | Reached XP level 4. HP: 32/38 MP: 4/4
  1727 | D:2      | Found an ancient bone altar of Kikubaaqudgha.
  2325 | D:3      | Found a runed translucent door.
  2326 | D:3      | Noticed Crazy Yiuf
  2566 | D:3      | Gained mutation: A meltable shield of frost defends you.
                  | (SH +4) [demonic ancestry]
  2566 | D:3      | Reached XP level 5. HP: 43/43 MP: 5/5
  3497 | D:4      | Found a snail-covered altar of Cheibriados.
  3497 | D:4      | Found a hide-covered altar of Uskayaw.
  3525 | D:4      | Became a worshipper of Cheibriados the Contemplative
  3737 | D:4      | Noticed a phantom
  3746 | D:4      | Killed a phantom
  3747 | D:4      | Reached skill level 1 in Dodging
  3747 | D:4      | Reached skill level 1 in Invocations
  3811 | D:4      | Reached XP level 6. HP: 49/49 MP: 5/7
  4321 | D:5      | Entered Level 5 of the Dungeon
  4477 | D:5      | Reached skill level 1 in Spellcasting
  4478 | D:5      | Reached * piety under Cheibriados
  4746 | D:5      | Noticed Prince Ribbit
  4765 | D:5      | Killed Prince Ribbit
  4766 | D:5      | Gained mutation: You have sharp fingernails. [demonic
                  | ancestry]
  4766 | D:5      | Reached XP level 7. HP: 24/56 MP: 8/10
  4766 | D:5      | Quit the game

Illustrated notes

Levels and vault maps discovered:
D:1:      erik_arrival_cave_to_civilisation [erik_arrival_cave_to_temple],
          layout_basic, basic_ecumenical_altar, hangedman_decor_clover_reticule
D:2:      layout_basic, basic_altar, kennysheep_donut, due_unseen_surprise
D:3:      minmay_door_path, layout_basic, uniq_crazy_yiuf_cottage
D:4:      kennysheep_slugbush, layout_basic, jmf_multi_god_temple
D:5:      kennysheep_windowed_halls, layout_basic, uniq_prince_ribbit1,
          uniq_sigmund, uniq_pikel

Skill      XL: |  1  2  3  4  5  6 |
---------------+-------------------+-----
Axes           | 2 3 4 |  4.5
Armour         | 3 |  3.7
Shields        | 3 |  3.3
Fighting       | 4 |  4.5
Dodging        | 1 |  1.4
Invocations    | 1 2 |  2.6
Spellcasting   | 2 |  2.0
Throwing       | |  0.3
Stealth        | |  0.3
Evocations     | |  0.1

Action                   |  1- 3 |  4- 6 |  7- 9 || total
-------------------------+-------+-------+-------++-------
Melee: War axe           |   105 |   162 |       ||   267
Throw: Boomerang         |       |     6 |       ||     6
Evoke: Wand              |       |     2 |       ||     2
  Use: Scroll            |       |    11 |       ||    11
Armor: Scale mail        |    53 |       |       ||    53
       Ring mail         |     2 |    71 |       ||    73
Dodge: Dodged            |    57 |    83 |       ||   140
Block: Buckler           |    21 |    95 |       ||   116

Table legend: (Time is in decaauts)
 A = Elapsed time spent in this place.
 B = Non-inter-level travel time spent in this place.
 C = Inter-level travel time spent in this place.
 D = Time resting spent in this place.
 E = Time spent auto-exploring this place.
 F = Levels seen in this place.
 G = Mean time per level.
                   A        B        C        D        E       F      G
               +--------+--------+--------+--------+--------+-----+--------+
         Total |   5157 |   5078 |     79 |    185 |   3936 |   5 | 1031.4 |
       Dungeon |   5157 |   5078 |     79 |    185 |   3936 |   5 | 1031.4 |
               +--------+--------+--------+--------+--------+-----+--------+

Top non-repeatable levels by time:
     D:1: 1328 daAuts
     D:3: 1299 daAuts
     D:4: 1220 daAuts
     D:2: 772 daAuts
     D:5: 537 daAuts
